 Dungeon Crawl Stone Soup version 0.26-a0-83-g7ccd015ce0 (webtiles) character file.

Game seed: 12416731421887354794

63 bmfx the Gusty (level 4, 0/21 HPs)
             Began as a Vine Stalker Air Elementalist on June 16, 2020.
             Was an Initiate of Ru.
             Killed from afar by an orc wizard (8 damage)
             ... with a magic dart
             ... on level 3 of the Dungeon.
             The game lasted 00:05:10 (2452 turns).

bmfx the Gusty (Vine Stalker Air Elementalist)      Turns: 2452, Time: 00:05:11

Health: 0/21       AC:  2    Str: 11    XL:     4   Next: 10%
Magic:  0/9        EV: 12    Int: 15    God:    Ru [......]
Gold:   84         SH:  0    Dex: 15    Spells: 8/9 levels left

rFire    . . .     SeeInvis .   o - +0 rapier
rCold    . . .     Gourm    .   (no shield)
rNeg     . . .     Faith    .   a - +0 robe
rPois    .         Spirit   +   (no helmet)
rElec    .         Reflect  .   (no cloak)
rCorr    .         Harm     .   (no gloves)
MR       .....                  (no boots)
Stlth    ++........             (no amulet)
HPRegen  0.47/turn              (no ring)
MPRegen  0.11/turn              (no ring)

@: slowed, very slow
A: fangs 2, regeneration 1, magic shield, antimagic bite, no potion heal 3, rot
immunity
a: Renounce Religion


You were on level 3 of the Dungeon.
You worshipped Ru.
Ru was noncommittal.
You were not hungry.

You visited 1 branch of the dungeon, and saw 3 of its levels.

You collected 84 gold pieces.


Innate Abilities, Weirdness & Mutations

You have extremely sharp teeth.
Your natural rate of healing is unusually fast.
When hurt, damage is shared between your health and your magic reserves.
Your bite disrupts and absorbs the magic of your enemies.
Potions cannot restore your health.
You are immune to rotting.

Dungeon Overview and Level Annotations

Branches:
Dungeon (3/15)

Altars:
Ru


   Skills:
 - Level 1.5 Dodging
 - Level 2.4 Stealth
 + Level 3.2 Spellcasting
 - Level 2.0 Conjurations
 + Level 3.8 Air Magic


You had 8 spell levels left.
You knew the following spells:

 Your Spells              Type           Power        Failure   Level  Hunger
A - Shock                 Conj/Air       ##..         6%          1    #......

Your spell library contained the following spells:

 Spells                   Type           Power        Failure   Level  Hunger
 Swiftness                Chrm/Air       #.......     14%         2    ##.....
 Static Discharge         Conj/Air       ##......     19%         3    ###....
 Airstrike                Air            ##........   38%         4    #####..
 Lightning Bolt           Conj/Air       ##........   86%         5    ######.
 Chain Lightning          Conj/Air       ##........   100%        8    #######
 Lehudib's Crystal Spear  Conj/Erth      #.........   100%        8    #######
 Absolute Zero            Ice            #.........   100%        9    #######
 Fire Storm               Conj/Fire      #.........   100%        9    #######

Action                   |  1- 3 |  4- 6 || total
-------------------------+-------+-------++-------
Melee: Bite              |     2 |       ||     2
       Unarmed           |     1 |       ||     1
       Dagger            |     5 |       ||     5
       Rapier            |       |     8 ||     8
 Cast: Shock             |    57 |     9 ||    66
  Eat: Chunk             |     4 |     1 ||     5
Armor: Robe              |     3 |     2 ||     5
Dodge: Dodged            |    11 |     5 ||    16

Skill      XL: |  1  2  3 |
---------------+----------+-----
Conjurations   | 2 |  2.0
Spellcasting   | 3 |  3.2
Dodging        | |  1.5
Stealth        | |  2.4
Air Magic      | |  3.8

Inventory:

Hand Weapons
 o - a +0 rapier (weapon)
Armour
 a - a +0 robe (worn)
Jewellery
 f - an uncursed ring of fire
Scrolls
 b - 2 scrolls of enchant armour {unknown}
 d - 2 scrolls of remove curse {unknown}
 g - a scroll of blinking {unknown}
 h - a scroll of amnesia {unknown}
 k - a scroll of fog {unknown}
 l - a scroll of enchant weapon {unknown}
 m - a scroll of identify {unknown}
Potions
 e - a potion of degeneration {unknown}
 i - a potion of ambrosia {unknown}
 n - 4 potions of curing {unknown}
Comestibles
 c - 3 rations
 j - 2 chunks of flesh {@w1}

.#......#.#.#................
.......o..#.#.#.#................
..........#.#.#.#.###########....
########..o...............÷÷'....
......#.#####)###.###.###....
.###......# #)# #.# #.# #....
#..#.#.# #.# #.# #.# #....
#..#.#.###.###.# #.# #....
..>.......@o.##.# #.# #....
.......######.##.# #.# #....
...........÷).....# ..# #....
###########.....####..# #.)..
#...........# #.... #......###..#
#.... #......# .# ##### #....#.#
# #....#.#


You could see an orc wizard (fast).

Vanquished Creatures
  3 adders (D:3)
  A dart slug (D:1)
  2 leopard geckos
  3 orcs (D:3)
  3 bats
  3 hobgoblins
  A kobold (D:1)
  2 ball pythons
  2 frilled lizards (D:3)
  3 goblins
  8 rats
31 creatures vanquished.

Levels and vault maps discovered:
D:1:      psy_arrival_radial01, layout_basic
D:2:      layout_basic, overflow_temple_1_default,
          chequers_temple_overflow_statue_of_worship, first_ration,
          minmay_misc_feat_square, uniq_natasha
D:3:      layout_basic, chequers_ecumenical_altar_lobes, uniq_grinder


Message History

The orc wizard casts a spell.
The orc wizard blinks!
You start resting.
The orc wizard is too close now for your liking.
The orc wizard gestures wildly while chanting.
The orc wizard seems to speed up.
Things that are here:
a +0 flail; a +0 ring mail You hit the orc wizard.
The orc wizard is almost dead.
The orc wizard casts a spell at you. The magic dart hits you.
The orc wizard hits you with a +0 dagger.
You hit the orc wizard but do no damage.
Your bite misses the orc wizard.
The orc wizard is severely wounded.
The orc wizard hits you but does no damage.
The orc wizard points at you and mumbles some strange words.
The magic dart hits you!
You die...

Notes
Turn   | Place    | Note
-------+----------+-------------------------------------------
     0 | D:1      | bmfx the Vine Stalker Air Elementalist began the quest for
                  | the Orb.
     0 | D:1      | Reached XP level 1. HP: 9/9 MP: 4/4
   268 | D:1      | Reached XP level 2. HP: 13/13 MP: 4/6
  1475 | D:2      | Found a sacrificial altar of Ru.
  1555 | D:2      | Became a worshipper of Ru the Awakened
  1865 | D:3      | Reached XP level 3. HP: 7/16 MP: 8/8
  2255 | D:3      | Gained mutation: Your natural rate of healing is unusually
                  | fast. [Vine Stalker growth]
  2255 | D:3      | Reached XP level 4. HP: 7/21 MP: 0/9
  2452 | D:3      | Killed from afar by an orc wizard
